 Dungeon Crawl Stone Soup version 0.24.0-1-gfbc8707122 (webtiles) character file.

Game seed: 2819895235175432467, levelgen mode: deterministic

18 Arixos the Gusty (level 2, 0/18 HPs)
             Began as an Octopode Air Elementalist on Oct 28, 2019.
             Slain by an adder (5 damage)
             ... on level 2 of the Dungeon.
             The game lasted 00:02:45 (1301 turns).

Arixos the Gusty (Octopode Air Elementalist)        Turns: 1301, Time: 00:02:46

Health: 0/18       AC:  1    Str:  7    XL:     2   Next: 70%
Magic:  2/5        EV: 13    Int: 17    God:
Gold:   38         SH:  0    Dex: 12    Spells: 4/5 levels left

rFire    . . .     SeeInvis .   d - +2 mace (venom)
rCold    . . .     Gourm    .   (no shield)
rNeg     + . .     Faith    .   (helmet restricted)
rPois    .         Spirit   .   (no amulet)
rElec    .         Reflect  .   h - ring of positive energy
rCorr    .         Harm     .   (no ring)
MR       .....                  (no ring)
Stlth    +++.......             (no ring)
HPRegen  0.06/turn              (no ring)
MPRegen  0.09/turn              (no ring)
                                (no ring)
                                (no ring)

@: lethally poisoned (0 -> -12), very slightly contaminated
A: almost no armour, stealthy swim, amphibious, 8 rings, constrict 8, camouflage
1, gelatinous body 1
a: no special abilities


You were on level 2 of the Dungeon.
You were near starving.

You visited 1 branch of the dungeon, and saw 2 of its levels.

You collected 38 gold pieces.

Inventory:

Hand Weapons
 d - a +2 mace of venom (weapon)
Jewellery
 h - a ring of positive energy (left tentacle)
Scrolls
 a - a scroll of teleportation {unknown}
 c - a scroll of fear {unknown}
 e - a scroll of remove curse {unknown}
 i - a scroll of identify {unknown}
Potions
 f - a potion of haste {unknown}
Comestibles
 b - 2 rations


   Skills:
 + Level 0.5 Fighting
 + Level 2.2 Dodging
 - Level 2.6 Stealth
 * Level 2.3 Spellcasting
 + Level 1.4 Conjurations
 + Level 3.1 Air Magic


You had 4 spell levels left.
You knew the following spells:

 Your Spells              Type           Power        Failure   Level  Hunger
a - Shock                 Conj/Air       #...         8%          1    #......

Your spell library contained the following spells:

 Spells                   Type           Power        Failure   Level  Hunger
 Swiftness                Chrm/Air       #.......     16%         2    ###....
 Static Discharge         Conj/Air       #.......     22%         3    ###....
 Airstrike                Air            ##........   45%         4    #####..
 Lightning Bolt           Conj/Air       #.........   90%         5    ######.


Dungeon Overview and Level Annotations

Branches:
Dungeon (2/15)

Altars:


Innate Abilities, Weirdness & Mutations

You cannot wear most types of armour.
You are very stealthy in the water. (Stealth+)
You are amphibious.
You can wear up to eight rings at the same time.
You can use your tentacles to constrict eight enemies at once.
Your skin changes colour to match your surroundings (Stealth+).
Your rubbery body absorbs attacks. (AC +1, EV +1)


Message History

Confirm with . or Enter, or press ? or * to list all spells.
Aiming: Shock (safe; 8% risk of failure)
Press: ? - help, Shift-Dir - straight line, f/p - adder
Aim: an adder The zap misses the adder.
You feel sick. The adder bites you.
You are lethally poisoned!
The adder poisons you!
Casting: Shock (safe; 8% risk of failure)
Confirm with . or Enter, or press ? or * to list all spells.
Aiming: Shock (safe; 8% risk of failure)
Press: ? - help, Shift-Dir - straight line, f/p - adder
Aim: an adder You miscast Shock.
You are very lightly contaminated with residual magic.
Wisps of smoke drift from your tentacles.
You are near starving!
You feel sick. The adder bites you.
* * * LOW HITPOINT WARNING * * *
The adder bites you.
You die...

.....#..#
...
#....### ..
#<...# ..
#†.......
.##
#S##.....
..# #.#
#... #.#
#.# .. #.#
#.# # #@#
..#
#?...S.###
#......#
........#
#.##......#
. #......#
########


You could see an adder.

Vanquished Creatures
  A leopard gecko (D:1)
  A giant cockroach (D:1)
  A goblin (D:1)
  4 hobgoblins (D:1)
  4 jackals
  2 frilled lizards (D:1)
  2 rats (D:1)
15 creatures vanquished.

Notes
Turn   | Place    | Note
-------+----------+-------------------------------------------
     0 | D:1      | Arixos the Octopode Air Elementalist began the quest for
                  | the Orb.
     0 | D:1      | Reached XP level 1. HP: 11/11 MP: 3/3
   419 | D:1      | Reached XP level 2. HP: 18/18 MP: 0/5
  1301 | D:2      | Slain by an adder

Levels and vault maps discovered:
D:1:      dpeg_arrival_refuge, layout_basic, hangedman_decor_peaks_small,
          due_unseen_surprise
D:2:      layout_rooms, first_ration, chequers_serial_rivers_micro_b,
          minmay_misc_feat_tower

Action                   || total
-------------------------++-------
Melee: Mace              ||    11
       Constrict         ||     2
       Tentacles         ||     1
 Cast: Shock             ||    37
Armor: Skin              ||     2
Dodge: Dodged            ||    18
